 Dungeon Crawl Stone Soup version 0.32-a0-893-gf85d74f360 (webtiles) character file.

Game seed: 14745954078069238496

922 0gre the Chiller (level 8, -4/58 HPs)
             Began as a Gnoll Ice Elementalist on Apr 2, 2024.
             Slain by a gnoll sergeant
             ... wielding a +0 trident
              (13 damage)
             ... on level 6 of the Dungeon on Apr 3, 2024.
             The game lasted 00:26:53 (4055 turns).

0gre the Chiller (Gnoll Ice Elementalist)           Turns: 4055, Time: 00:26:53

Health: -4/58      AC:  5    Str:  8    XL:     8   Next: 10%
Magic:  11/16      EV: 14    Int: 15    God:
Gold:   116        SH:  0    Dex: 18    Spells: 11/18 levels left

rFire   . . .        a - +1 falchion (elec)
rCold   + . .        (no shield)
rNeg    + . .        f - +0 robe of Lethargy {rN+ Will+}
rPois   .            i - +2 helmet of Subjectivity {Dex+4}
rElec   .            (no cloak)
rCorr   +            (no gloves)
SInv    .            (no boots)
Will    +....        s - amulet of regeneration
Stlth   +++          D - ring of resist corrosion
HPRegen 1.09/turn    E - ring of protection from cold
MPRegen 0.15/turn

%: no passive effects
@: freezing walls
A: fangs 1, strong nose, distributed training
a: no special abilities


You were on level 6 of the Dungeon.
You visited 1 branch of the dungeon, and saw 6 of its levels.
You also visited: Ossuary.

You collected 227 gold pieces.
You spent 111 gold pieces at shops.

Inventory:

Hand Weapons
 a - a +1 falchion of electrocution (weapon)
 b - a +0 sling
 c - a +0 halberd of freezing
 d - a +0 flail
 e - a +3 great sword of draining
Missiles
 q - 3 boomerangs (quivered)
 z - 2 throwing nets
Armour
 f - the +0 robe of Lethargy (worn) {rN+ Will+}
   (You found it on level 5 of the Dungeon)

   rN+:       It protects you from negative energy.
   Will+:     It increases your willpower.
 i - the +2 helmet of Subjectivity (worn) {Dex+4}
   (You took it off Robin on level 3 of the Dungeon)

   Dex+4:     It affects your dexterity (+4).
Jewellery
 s - an amulet of regeneration (around neck)
 D - a ring of resist corrosion (left hand)
 E - a ring of protection from cold (right hand)
Wands
 g - a wand of acid (7)
 B - a wand of roots (7)
Scrolls
 h - a scroll of fog
 n - a scroll of fear
 t - a scroll of enchant armour
Potions
 k - a potion of cancellation
 l - 3 potions of enlightenment
 m - 2 potions of attraction
 p - a potion of magic
 u - 4 potions of haste
 w - a potion of curing {unknown}
 A - 2 potions of mutation
 C - a potion of brilliance {unknown}
 G - 2 potions of invisibility


   Skills:
 + Level 3.1 Fighting
 + Level 3.1 Short Blades
 + Level 3.1 Long Blades
 + Level 3.1 Axes
 + Level 3.1 Maces & Flails
 + Level 3.1 Polearms
 + Level 3.1 Staves
 + Level 3.1 Ranged Weapons
 + Level 3.1 Throwing
 + Level 3.1 Armour
 + Level 5.5 Dodging
 + Level 5.2 Stealth
 + Level 3.1 Shields
 + Level 3.1 Unarmed Combat
 + Level 5.9 Spellcasting
 + Level 2.5 Conjurations
 + Level 2.5 Hexes
 + Level 2.5 Summonings
 + Level 2.5 Necromancy
 + Level 2.5 Translocations
 + Level 2.5 Fire Magic
 + Level 7.6 Ice Magic
 + Level 2.5 Air Magic
 + Level 2.5 Earth Magic
 + Level 2.5 Alchemy
 + Level 3.4 Invocations
 + Level 3.1 Evocations
 + Level 2.8 Shapeshifting


You had 11 spell levels left.
You knew the following spells:

 Your Spells              Type           Power      Damage    Failure   Level
a - Freeze                Ice            100%       1d10      1%          1
b - Frozen Ramparts       Ice            54%        1d9       1%          3
c - Summon Ice Beast      Ice/Summ       19%        N/A       5%          3

Your spell library contained the following spells:

 Spells                   Type           Power      Damage    Failure   Level
 Ozocubu's Armour         Ice            27%        N/A       1%          3
 Static Discharge         Conj/Air       22%        3-4/arc   9%          2
 Airstrike                Air            5%         2d(1-17)  47%         4
 Summon Lightning Spire   Summ/Air       11%        N/A       47%         4
 Summon Mana Viper        Hex/Summ       11%        N/A       83%         5
 Monstrous Menagerie      Summ           5%         N/A       100%        7


Dungeon Overview and Level Annotations

Branches:
Dungeon (6/15)            Ossuary (visited)
 Temple: D:4-7

Altars:
Ru
Vehumet
Xom
Yredelemnul

Shops:
D:1 =   D:2 [   D:3 ((([=

Annotations:
D:3 Level of Shops


Innate Abilities, Weirdness & Mutations

You have very sharp teeth.
Your uncanny sense of smell can sniff out nearby items.
Your experience applies equally to all skills.


Message History

The wall freezes the gnoll sergeant!
The gnoll sergeant closely misses you.
You hit the gnoll sergeant.
The gnoll sergeant is moderately wounded.
The wall freezes the gnoll.
The wall freezes the gnoll sergeant but does no damage.
The gnoll sergeant hits you with a +0 trident.
You hit the gnoll sergeant.
The gnoll sergeant is heavily wounded.
The wall freezes the gnoll.
You kill the gnoll!
The wall freezes the gnoll sergeant.
The gnoll sergeant closely misses you.
The wall freezes the gnoll sergeant.
The gnoll sergeant hits you with a +0 trident.
The gnoll sergeant blocks your attack. x2
The gnoll sergeant is severely wounded.
The wall freezes the gnoll sergeant but does no damage.
The gnoll sergeant hits you with a +0 trident!
* * * LOW HITPOINT WARNING * * *
You hit the gnoll sergeant.
The gnoll sergeant is almost dead.
The wall freezes the gnoll sergeant.
The gnoll sergeant completely misses you.
You closely miss the gnoll sergeant.
You bite the gnoll sergeant, but do no damage.
The gnoll sergeant is almost dead.
The frozen ramparts melt away.
The gnoll sergeant hits you with a +0 trident.
* * * LOW HITPOINT WARNING * * *
The gnoll sergeant blocks your attack.
The gnoll sergeant is almost dead.
The gnoll sergeant hits you with a +0 trident!
* * * LOW HITPOINT WARNING * * *
Casting: Frozen Ramparts (safe; 1% risk of failure)
Confirm with . or Enter, or press ? or * to list all spells.
Casting: Frozen Ramparts (safe; 1% risk of failure)
Press: ? - help, Dir - look around, f - activate The walls around you are covered in ice.
The wall freezes the gnoll sergeant but does no damage.
The gnoll sergeant hits you with a +0 trident!
You die... ..... ....
Sg.

###.g .gg# #..# #
#?.#.##
###########)....#
.........@g).#...#
.##.....###### #.#
#......# ..
#).....# #
#..<...# #####.##
#.......#
#########


You could see a gnoll sergeant.

Vanquished Creatures
  A black bear (D:4)
  A phantom (D:5)
  A water moccasin zombie (D:5)
  2 centaur zombies
  A hound (D:4)
  2 gnoll boudas
  An orc priest (D:5)
  An iguana (D:5)
  Ijyb (D:4)
  An orc wizard (D:5)
  A scorpion zombie (D:5)
  2 crocodile zombies (Ossuary)
  A hound zombie (D:5)
  Robin (D:3)
  A mummy (Ossuary)
  A hound skeleton (D:5)
  12 gnolls
  A howler monkey skeleton (D:5)
  6 adders
  2 adder zombies (D:5)
  A dart slug (D:2)
  13 orcs
  5 ball pythons
  4 bats
  6 endoplasms
  4 giant cockroaches
  A gnoll zombie (Ossuary)
  12 goblins
  7 hobgoblins
  2 jackals (D:4)
  3 frilled lizards
  6 kobolds
  4 kobold zombies (Ossuary)
  4 rats
112 creatures vanquished.

Vanquished Creatures (collateral kills)
  A crocodile zombie (Ossuary)
  2 mummies (Ossuary)
  A gnoll zombie (Ossuary)
  A kobold zombie (Ossuary)
5 creatures vanquished.

Grand Total: 117 creatures vanquished

Notes
Turn   | Place    | Note
-------+----------+-------------------------------------------
     0 | D:1      | 0gre the Gnoll Ice Elementalist began the quest for the
                  | Orb.
     0 | D:1      | Reached XP level 1. HP: 13/13 MP: 6/6
    55 | D:1      | Found Panar's Jewellery Boutique.
   303 | D:1      | Reached XP level 2. HP: 17/19 MP: 5/7
   877 | D:2      | Found Jiuw's Antique Armour Shop.
  1097 | D:2      | Reached skill level 5 in Spellcasting
  1097 | D:2      | Reached XP level 3. HP: 25/25 MP: 5/9
  1102 | D:2      | Learned a level 3 spell: Frozen Ramparts
  1566 | D:3      | Found Veehupte's Antique Weapon Boutique.
  1575 | D:3      | Reached skill level 1 in Invocations
  1612 | D:3      | Found Yduuves's Antique Armour Shop.
  1756 | D:3      | Found Pyaseimi's Antique Weapon Emporium.
  1761 | D:3      | Bought a sling for 46 gold pieces
  1778 | D:3      | Found Vasauschea's Weapon Shoppe.
  1850 | D:3      | Reached skill level 1 in Fighting
  1850 | D:3      | Reached skill level 1 in Short Blades
  1850 | D:3      | Reached skill level 1 in Long Blades
  1850 | D:3      | Reached skill level 1 in Axes
  1850 | D:3      | Reached skill level 1 in Maces & Flails
  1850 | D:3      | Reached skill level 1 in Polearms
  1850 | D:3      | Reached skill level 1 in Staves
  1850 | D:3      | Reached skill level 1 in Ranged Weapons
  1850 | D:3      | Reached skill level 1 in Throwing
  1850 | D:3      | Reached skill level 1 in Armour
  1850 | D:3      | Reached skill level 1 in Shields
  1850 | D:3      | Reached skill level 1 in Unarmed Combat
  1850 | D:3      | Reached skill level 1 in Evocations
  1853 | D:3      | Found Hudibify's Jewellery Shop.
  2013 | D:3      | Found a faded altar of an unknown god.
  2051 | D:3      | Identified the +2 helmet of Subjectivity {Dex+4}
  2051 | D:3      | Noticed Robin
  2055 | D:3      | Reached skill level 1 in Shapeshifting
  2055 | D:3      | Reached XP level 4. HP: 32/32 MP: 7/11
  2064 | D:3      | Killed Robin
  2065 | D:3      | Reached skill level 1 in Conjurations
  2065 | D:3      | Reached skill level 1 in Hexes
  2065 | D:3      | Reached skill level 1 in Summonings
  2065 | D:3      | Reached skill level 1 in Necromancy
  2065 | D:3      | Reached skill level 1 in Translocations
  2065 | D:3      | Reached skill level 1 in Fire Magic
  2065 | D:3      | Reached skill level 1 in Air Magic
  2065 | D:3      | Reached skill level 1 in Earth Magic
  2065 | D:3      | Reached skill level 1 in Alchemy
  2313 | D:4      | Noticed Ijyb
  2352 | D:4      | Found a radiant altar of Vehumet.
  2521 | D:4      | Reached XP level 5. HP: 36/37 MP: 8/12
  2635 | D:4      | Killed Ijyb
  2716 | D:4      | Reached XP level 6. HP: 44/44 MP: 13/13
  2752 | D:3      | Bought a +0 great sword for 65 gold pieces
  2932 | D:4      | Noticed a black bear
  2939 | D:4      | Killed a black bear
  2940 | D:4      | Reached skill level 5 in Dodging
  3002 | D:4      | Learned a level 3 spell: Summon Ice Beast
  3007 | D:5      | Entered Level 5 of the Dungeon
  3125 | D:5      | Reached XP level 7. HP: 50/50 MP: 12/15
  3165 | D:5      | Identified the +0 robe of Lethargy {rN+ Will+}
  3273 | D:5      | Found a sand-covered staircase.
  3297 | Ossuary  | Entered an ossuary
  3382 | Ossuary  | Reached skill level 5 in Stealth
  3538 | D:5      | Found a basalt altar of Yredelemnul.
  3772 | D:5      | Found a sacrificial altar of Ru.
  3802 | D:5      | Found a shimmering altar of Xom.
  3811 | D:5      | Reached XP level 8. HP: 58/58 MP: 16/16
  3846 | D:5      | Upgraded the game from 0.32-a0-886-g41c5271027 to
                  | 0.32-a0-893-gf85d74f360
  4055 | D:6      | Slain by a gnoll sergeant

Illustrated notes

Levels and vault maps discovered:
D:1:      amcnicky_arrival_choice, layout_loops_ring, serial_shops,
          nicolae_shop_behind_doors
D:2:      layout_loops_ring, serial_shops, nicolae_shop_crystal,
          minmay_misc_feat_hallway
D:3:      layout_loops_ring, serial_shops, nicolae_diamond_shop,
          nicolae_shop_overgrown_old_shop, nicolae_shop_gaudy_bauble,
          nicolae_shop_temple_entry_statues_fountains, shop,
          hellmonk_ecumenical_altar_leap_of_faith, uniq_robin
D:4:      layout_rooms, nicolae_vehumet_radiance, uniq_ijyb
D:5:      layout_rooms, lemuel_zombie_altar_yredelemnul,
          mainiacjoe_overflow_two_lobes, mainiacjoe_ossuary_entry_find_the_door
D:6:      layout_basic, minmay_temple_entry_offerings

Skill      XL: |  1  2  3  4  5  6  7 |
---------------+----------------------+-----
Spellcasting   | 5 |  5.9
Invocations    | 1 2 3 |  3.4
Fighting       | 1 2 3 |  3.1
Short Blades   | 1 2 3 |  3.1
Long Blades    | 1 2 3 |  3.1
Axes           | 1 2 3 |  3.1
Maces & Flails | 1 2 3 |  3.1
Polearms       | 1 2 3 |  3.1
Staves         | 1 2 3 |  3.1
Ranged Weapons | 1 2 3 |  3.1
Throwing       | 1 2 3 |  3.1
Armour         | 1 2 3 |  3.1
Shields        | 1 2 3 |  3.1
Unarmed Combat | 1 2 3 |  3.1
Evocations     | 1 2 3 |  3.1
Shapeshifting  | 1 2 |  2.8
Conjurations   | 1 2 |  2.5
Hexes          | 1 2 |  2.5
Summonings     | 1 2 |  2.5
Necromancy     | 1 2 |  2.5
Translocations | 1 2 |  2.5
Fire Magic     | 1 2 |  2.5
Air Magic      | 1 2 |  2.5
Earth Magic    | 1 2 |  2.5
Alchemy        | 1 2 |  2.5
Dodging        | 5 |  5.5
Stealth        | 5 |  5.2
Ice Magic      | |  7.6

Action                     |  1- 3 |  4- 6 |  7- 9 || total
---------------------------+-------+-------+-------++-------
  Melee: Unarmed           |     2 |       |       ||     2
         Dagger            |    49 |       |       ||    49
         Bite              |     6 |     1 |    17 ||    24
         Hand axe          |    30 |       |       ||    30
         Flail             |     3 |     3 |       ||     6
         Falchion          |       |    26 |   102 ||   128
         Trident           |       |     1 |       ||     1
         Halberd           |       |     1 |       ||     1
   Fire: Sling             |     9 |    46 |    16 ||    71
  Throw: Throwing net      |       |     2 |       ||     2
         Boomerang         |       |     1 |       ||     1
   Cast: Freeze            |    20 |     1 |       ||    21
         Frozen Ramparts   |     4 |    12 |     3 ||    19
         Summon Ice Beast  |       |       |     4 ||     4
  Evoke: Wand              |       |     4 |     1 ||     5
    Use: Scroll            |       |       |    18 ||    18
   Stab: Sleeping          |     6 |       |     5 ||    11
 Armour: Robe              |    44 |    21 |    76 ||   141
  Dodge: Dodged            |    69 |    34 |   101 ||   204

Table legend: (Time is in decaauts)
 A = Elapsed time spent in this place.
 B = Non-inter-level travel time spent in this place.
 C = Inter-level travel time spent in this place.
 D = Time resting spent in this place.
 E = Time spent auto-exploring this place.
 F = Levels seen in this place.
 G = Mean time per level.
                   A        B        C        D        E       F      G
               +--------+--------+--------+--------+--------+-----+--------+
         Total |   4078 |   3884 |    194 |    154 |   2400 |   7 |  582.6 |
       Dungeon |   3915 |   3721 |    194 |    142 |   2400 |   6 |  652.5 |
       Ossuary |    163 |    163 |      0 |     12 |      0 |   1 |  163.0 |
               +--------+--------+--------+--------+--------+-----+--------+

Top non-repeatable levels by time:
     D:5: 867 daAuts
     D:3: 835 daAuts
     D:2: 823 daAuts
     D:1: 723 daAuts
     D:4: 633 daAuts
 Ossuary: 163 daAuts
     D:6: 32 daAuts
